 Dungeon Crawl Stone Soup version 0.20-a0-689-g860b9ab (webtiles) character file.

493 Stepladder the Skirmisher (level 7, 0/44 HPs)
             Began as a Gargoyle Fighter on Feb 19, 2017.
             Slain by a mummy (12 damage)
             ... in an ossuary.
             The game lasted 00:14:57 (3584 turns).

Stepladder the Skirmisher (Gargoyle Fighter)        Turns: 3584, Time: 00:14:58

Health: 0/44       AC: 12    Str: 20    XL:     7   Next: 15%
Magic:  7/7        EV:  8    Int:  9    God:
Gold:   234        SH:  9    Dex: 10    Spells: 6/6 levels left

rFire    . . .     SeeInvis .   D - +4 flail
rCold    . . .     Gourm    .   b - +0 scale mail
rNeg     + . .     Faith    .   c - +0 shield
rPois    ∞         Spirit   .   (no helmet)
rElec    +         Reflect  .   (no cloak)
rCorr    .         Harm     .   (no gloves)
MR       .....                  (no boots)
Stlth    +.........             (no amulet)
Regen    0.2/turn               (no ring)
MPRegen  0.1/turn               (no ring)

@: no status effects
A: negative energy resistance 1, electricity resistance, unbreathing,
petrification resistance, rot immunity, AC +4
a: no special abilities


You were in an ossuary.
You were hungry.

You visited 1 branch of the dungeon, and saw 4 of its levels.
You also visited: Ossuary.

You collected 234 gold pieces.

Inventory:

Hand Weapons
 D - a +4 flail (weapon)
Missiles
 o - 7 needles of confusion
 q - 39 poisoned needles
 u - 4 javelins of penetration (quivered)
Armour
 b - a +0 scale mail (worn)
 c - a +0 shield (worn)
 p - a +0 robe of resistance
 C - a +0 plate armour
Jewellery
 j - a +1 ring of slaying {unknown}
 s - a +3 ring of slaying {unknown}
 y - an uncursed ring of see invisible {unknown}
Wands
 x - a wand of iceblast (13/15)
Scrolls
 a - a scroll of noise {unknown}
 i - 7 scrolls of teleportation
 m - 2 scrolls of recharging
 r - a scroll of blinking {unknown}
 t - a scroll of fear {unknown}
 w - 2 scrolls of remove curse {unknown}
 A - a scroll of fog {unknown}
 E - 2 scrolls of enchant armour {unknown}
 G - a scroll of magic mapping {unknown}
Potions
 d - a potion of might
 e - a potion of lignification {unknown}
 h - a potion of berserk rage {unknown}
 l - a potion of heal wounds {unknown}
 n - a potion of haste {unknown}
 v - 2 potions of curing {unknown}
Comestibles
 f - 2 bread rations
 g - 2 chunks of flesh
 k - 2 royal jellies
 B - 3 meat rations


   Skills:
 + Level 5.1 Fighting
 - Level 2.0 Maces & Flails
 + Level 4.7 Armour
 + Level 2.4 Dodging
 + Level 3.2 Stealth
 + Level 4.7 Shields


You had 6 spell levels left.
You didn't know any spells.

Dungeon Overview and Level Annotations

Branches:
Dungeon (4/15)
 Temple: D:4-7

Altars:


Innate Abilities, Weirdness & Mutations

You are resistant to torment.
Your stone body is resilient. (AC +4)
You are immune to poison.
You resist negative energy. (rN+)
You are resistant to electric shocks. (rElec)
You can survive without breathing.
You are immune to petrification.
You are immune to rotting.


Message History

The orc zombie hits you but does no damage.
The mummy hits you but does no damage. The mummy barely misses you.
You hit the mummy but do no damage.
The mummy is severely damaged.
The orc zombie hits you but does no damage.
You block the mummy's attack. The mummy hits you!
Some of the chunks of flesh in your inventory have rotted away.
You sock the mummy!
You destroy the mummy!
The orc zombie completely misses you. The mummy hits you!
You block the mummy's attack.
You thump the orc zombie!
You destroy the orc zombie!
The mummy hits you!
* * * LOW HITPOINT WARNING * * *
The mummy hits you but does no damage. You block the mummy's attack.
A mummy comes into view.
The mummy hits you!
You die...

..... ##..## .....
.....##....##.....
..................
#................#
##...........(..#
#+##........##+#
##......##
##MM..## #@...#
#....# #....#
#....# #....#
#....# #.[..#
#.∩∩.# ######


You could see 2 mummies.

Vanquished Creatures
  A water moccasin skeleton (D:4)
  A howler monkey (D:4)
  2 orc priests
  A hound (D:4)
  Jessica (D:2)
  An orc wizard (D:3)
  3 mummies (Ossuary)
  4 gnolls (D:3)
  7 adders
  3 oozes
  An adder skeleton (D:4)
  2 worms
  3 dart slugs
  2 leopard geckos
  6 orcs
  A ball python (D:3)
  6 giant cockroaches
  10 goblins
  6 hobgoblins
  13 jackals
  8 bats
  4 frilled lizards
  2 hobgoblin zombies (Ossuary)
  7 kobolds
  5 kobold zombies (Ossuary)
  An orc zombie (Ossuary)
  9 rats
110 creatures vanquished.

Notes
Turn   | Place    | Note
-------+----------+-------------------------------------------
     0 | D:1      | Stepladder the Gargoyle Fighter began the quest for the Orb.
     0 | D:1      | Reached XP level 1. HP: 14/14 MP: 1/1
    97 | D:1      | Reached skill level 1 in Stealth
    97 | D:1      | Reached XP level 2. HP: 19/19 MP: 2/2
   450 | D:1      | Reached XP level 3. HP: 23/23 MP: 3/3
  1243 | D:2      | Reached XP level 4. HP: 17/29 MP: 4/4
  1275 | D:2      | Reached skill level 1 in Dodging
  1287 | D:2      | Noticed Jessica
  1296 | D:2      | Killed Jessica
  1296 | D:2      | Reached skill level 4 in Fighting
  1584 | D:2      | Reached XP level 5. HP: 31/33 MP: 5/5
  3093 | D:3      | Reached XP level 6. HP: 39/39 MP: 6/6
  3350 | D:4      | Reached skill level 5 in Fighting
  3405 | D:4      | Reached XP level 7. HP: 35/44 MP: 7/7
  3511 | D:4      | Found a sand-covered staircase.
  3519 | Ossuary  | Entered an ossuary
  3584 | Ossuary  | Slain by a mummy

Vault maps used:
D:1:      kilobyte_arrival_exit_the_forest, dk_noncrumbling_3,
          minmay_nonomino_d4
D:2:      uniq_jessica
D:4:      enter_ossuary_1
Ossuary:  ossuary_tomb_3

Skill      XL: |  1  2  3  4  5  6 |
---------------+-------------------+-----
Stealth        | 1 2 3 |  3.2
Dodging        | 1 2 |  2.4
Fighting       | 4 5 |  5.1
Armour         | 4 |  4.7
Shields        | 4 |  4.7
Maces & Flails | |  2.0

Action                   |  1- 3 |  4- 6 |  7- 9 || total
-------------------------+-------+-------+-------++-------
Melee: Flail             |   147 |   263 |    25 ||   435
Throw: Stone             |     1 |       |       ||     1
       Javelin           |       |       |     1 ||     1
  Use: Scroll            |       |     4 |     1 ||     5
  Eat: Chunk             |     1 |     8 |       ||     9
Armor: Scale mail        |    83 |   154 |    21 ||   258
Dodge: Dodged            |    34 |   104 |    20 ||   158
Block: Shield            |    77 |   140 |    17 ||   234
